 Dungeon Crawl Stone Soup version 0.20.2-3-g29329e0561 (webtiles) character file.

3684 Alfie the Carver (level 9, -3/86 HPs)
             Began as a Minotaur Fighter on Feb 16, 2021.
             Slain by Snorg (19 damage)
             ... on level 11 of the Dungeon.
             The game lasted 00:17:39 (6332 turns).

Alfie the Carver (Minotaur Fighter)                 Turns: 6332, Time: 00:17:42

Health: -3/86      AC: 12    Str: 29    XL:     9   Next: 90%
Magic:  8/8        EV: 11    Int:  5    God:
Gold:   406        SH: 12    Dex: 10    Spells: 8/8 levels left

rFire    . . .     SeeInvis .   a - +2 long sword
rCold    . . .     Gourm    .   c - +0 shield
rNeg     . . .     Faith    .   b - +1 scale mail
rPois    .         Spirit   .   (helmet unavailable)
rElec    .         Reflect  .   x - +0 cloak
rCorr    .         Harm     .   (no gloves)
MR       +....                  s - +0 pair of boots
Stlth    ..........             (no amulet)
Regen    0.3/turn               r - ring of protection from magic
MPRegen  0.2/turn               (no ring)

@: mighty
A: retaliatory headbutt, horns 3, robust 1
a: no special abilities


You were on level 11 of the Dungeon.
You were not hungry.

You visited 1 branch of the dungeon, and saw 9 of its levels.

You collected 529 gold pieces.
You spent 123 gold pieces at shops.

Inventory:

Hand Weapons
 a - a +2 long sword (weapon)
Missiles
 e - 10 tomahawks (quivered)
Armour
 b - a +1 scale mail (worn)
 c - a +0 shield (worn)
 s - a +0 pair of boots (worn)
 x - a +0 cloak (worn)
Jewellery
 g - an uncursed amulet of rage
 r - a ring of protection from magic (left hand)
 y - an uncursed ring of positive energy
 B - a +5 ring of dexterity {unknown}
Wands
 l - a wand of confusion (48/48)
 p - a wand of random effects (35/48)
Scrolls
 i - 6 scrolls of remove curse
 m - a scroll of recharging
 o - a scroll of teleportation
 u - a scroll of blinking
 z - 2 scrolls of identify
 A - a scroll of fear
 C - a scroll of amnesia {unknown}
Potions
 d - a potion of might
 h - 3 potions of curing
 j - a potion of magic {unknown}
 n - a potion of cancellation {unknown}
 q - 3 potions of haste
 t - a potion of lignification {unknown}
 v - 6 potions of flight {unknown}
 w - a potion of heal wounds {unknown}
Comestibles
 f - 3 bread rations
 k - 4 meat rations


   Skills:
 + Level 7.0 Fighting
 + Level 10.3 Long Blades
 + Level 1.3 Throwing
 + Level 8.5 Armour
 + Level 4.1 Dodging
 + Level 1.6 Stealth
 + Level 8.6 Shields


You had 8 spell levels left.
You didn't know any spells.

Dungeon Overview and Level Annotations

Branches:
Dungeon (8/15)             Temple (0/1) D:5
   Lair: D:8-11

Altars:
Dithmenos
Hepliaklqana
Kikubaaqudgha
Okawaru
Uskayaw
Zin

Shops:
D:4 ?

Annotations:
D:11 Snorg


Innate Abilities, Weirdness & Mutations

You reflexively headbutt those who attack you in melee.
You have a pair of large horns on your head.
You are robust. (+10% HP)


Message History

Snorg bites you! Snorg claws you! You block Snorg's attack. x2
Snorg barely misses you. Snorg claws you.
You slice Snorg!!
Snorg is heavily wounded.
Snorg barely misses you. Snorg claws you. x2
You slash Snorg! You headbutt Snorg!!
Snorg is almost dead.
You block Snorg's attack. Snorg barely misses you. You block Snorg's attack. x2
Snorg claws you but does no damage. Snorg closely misses you.
You closely miss Snorg. Your headbutt misses Snorg.
Snorg is severely wounded.
Snorg bites you but does no damage. Snorg barely misses you. Snorg claws you.
You slash Snorg! You headbutt Snorg!
Snorg is almost dead.
Snorg bites you!!
* * * LOW HITPOINT WARNING * * *
Snorg barely misses you. Snorg claws you.
* * * LOW HITPOINT WARNING * * *
Snorg bites you!!
You die...

#######
#############.......
.......@T.....#
###############


You could see Snorg (berserk).

Vanquished Creatures
  A two-headed ogre (D:8)
  The ghost of Alfie the Shield-Bearer, a novice MiFi (D:4)
  A hippogriff (D:8)
  An orc warrior (D:7)
  A black bear (D:6)
  2 phantoms
  A sky beast (D:6)
  The ghost of Alfie the Shield-Bearer, an amateur MiFi (D:3)
  2 ogres
  A centaur (D:5)
  2 big kobolds (D:7)
  Blork the orc (D:6)
  4 bullfrogs
  6 scorpions (D:6)
  4 wights (D:6)
  A howler monkey (D:6)
  A crimson imp (D:5)
  3 hounds
  3 orc wizards
  A bullfrog skeleton (D:5)
  An orc priest (D:7)
  4 iguanas
  4 worker ants
  A hound zombie (D:3)
  A worker ant zombie (D:5)
  5 gnolls
  11 adders
  4 oozes
  A worm (D:2)
  2 adder skeletons
  2 dart slugs
  7 leopard geckos
  35 orcs
  4 giant cockroaches
  7 goblins
  6 hobgoblins
  4 jackals (D:1)
  4 quokkas
  3 ball pythons
  13 bats
  6 frilled lizards
  14 kobolds
  A leopard gecko skeleton (D:6)
  A leopard gecko zombie (D:7)
  A quokka skeleton (D:5)
  5 rats
  A fungus (D:6)
186 creatures vanquished.

Notes
Turn   | Place    | Note
-------+----------+-------------------------------------------
     0 | D:1      | Alfie the Minotaur Fighter began the quest for the Orb.
     0 | D:1      | Reached XP level 1. HP: 19/19 MP: 0/0
    22 | D:1      | Found an iron altar of Okawaru.
   149 | D:1      | Reached XP level 2. HP: 24/27 MP: 1/1
   372 | D:1      | Reached XP level 3. HP: 26/33 MP: 2/2
   435 | D:1      | Reached skill level 3 in Long Blades
  1281 | D:2      | Reached XP level 4. HP: 40/40 MP: 3/3
  1347 | D:3      | Gained mutation: You expend magic power (3 MP) to strengthen your wands. [potion of mutation]
  1347 | D:3      | Gained mutation: You have a pair of large horns on your head. [potion of mutation]
  1347 | D:3      | Lost mutation: You expend magic power (3 MP) to strengthen your wands. [potion of mutation]
  1347 | D:3      | Gained mutation: You are robust. (+10% HP) [potion of mutation]
  1403 | D:3      | Noticed Alfie's ghost (amateur MiFi)
  1417 | D:3      | Killed Alfie's ghost
  1417 | D:3      | Reached skill level 4 in Long Blades
  1417 | D:3      | Reached skill level 5 in Armour
  1417 | D:3      | Reached XP level 5. HP: 20/50 MP: 4/4
  2105 | D:4      | Noticed Alfie's ghost (novice MiFi)
  2119 | D:4      | Killed Alfie's ghost
  2119 | D:4      | Reached skill level 5 in Long Blades
  2119 | D:4      | Reached skill level 1 in Dodging
  2119 | D:4      | Reached skill level 5 in Shields
  2119 | D:4      | Reached XP level 6. HP: 36/58 MP: 5/5
  2119 | D:4      | Reached XP level 7. HP: 41/66 MP: 6/6
  2141 | D:4      | Reached skill level 6 in Long Blades
  2188 | D:4      | Found a shadowy altar of Dithmenos.
  2251 | D:4      | Found Gaamer's Magic Scroll Shop.
  2277 | D:4      | Bought a scroll of recharging for 123 gold pieces
  2915 | D:5      | Entered Level 5 of the Dungeon
  2928 | D:5      | Found a staircase to the Ecumenical Temple.
  2947 | D:5      | Reached skill level 7 in Long Blades
  3089 | D:5      | Reached skill level 5 in Fighting
  3089 | D:5      | Reached XP level 8. HP: 63/74 MP: 7/7
  3221 | D:5      | Reached skill level 1 in Stealth
  3370 | D:5      | Found an ancient bone altar of Kikubaaqudgha.
  3719 | D:6      | Reached skill level 8 in Long Blades
  3719 | D:6      | Reached skill level 1 in Throwing
  4106 | D:6      | Noticed Blork the orc
  4154 | D:6      | Killed Blork the orc
  4154 | D:6      | Reached skill level 9 in Long Blades
  4154 | D:6      | Reached XP level 9. HP: 63/82 MP: 8/8
  4597 | D:7      | Found a hide-covered altar of Uskayaw.
  4598 | D:7      | Found an iron altar of Okawaru.
  4669 | D:7      | Found a hazy altar of Hepliaklqana.
  5255 | D:7      | Found a glowing silver altar of Zin.
  6215 | D:8      | Noticed a two-headed ogre
  6228 | D:8      | Killed a two-headed ogre
  6228 | D:8      | Reached skill level 10 in Long Blades
  6316 | D:8      | You fall through a shaft for 3 floors!
  6316 | D:11     | Noticed Snorg
  6332 | D:11     | Slain by Snorg

Skill      XL: |  1  2  3  4  5  6  7  8  9 |
---------------+----------------------------+-----
Shields        | 4 5 6 8 |  8.6
Armour         | 4 5 6 7 8 |  8.5
Long Blades    | 3 4 5 7 9 10 | 10.3
Fighting       | 4 5 7 |  7.0
Dodging        | 1 2 4 |  4.1
Stealth        | 1 |  1.6
Throwing       | 1 |  1.3

Action                   |  1- 3 |  4- 6 |  7- 9 || total
-------------------------+-------+-------+-------++-------
Melee: Long sword        |    91 |    59 |   354 ||   504
       Headbutt          |    15 |    12 |    80 ||   107
Throw: Tomahawk          |       |       |    11 ||    11
  Use: Potion            |       |     3 |     2 ||     5
       Scroll            |       |     1 |    16 ||    17
  Eat: Royal jelly       |       |     1 |     1 ||     2
       Fruit             |       |     3 |       ||     3
       Meat ration       |       |       |     1 ||     1
       Bread ration      |       |       |     2 ||     2
Armor: Scale mail        |    37 |    20 |   119 ||   176
Dodge: Dodged            |    22 |    14 |   118 ||   154
Block: Shield            |    57 |    33 |   201 ||   291
       Rpst.: Long sword |     8 |     4 |    28 ||    40
